 Dungeon Crawl Stone Soup version 0.24-a0-408-gcc1054c (webtiles) character file.

Game seed: 3920707434950383351

72 CanOfBees the Caller (level 4, -3/25 HPs)
             Began as a Tengu Summoner on June 5, 2019.
             Was an Initiate of Sif Muna.
             Killed by divine providence
             ... invoked by an orc priest
              (13 damage)
             ... on level 3 of the Dungeon.
             The game lasted 00:05:05 (4061 turns).

CanOfBees the Caller (Tengu Summoner)               Turns: 4061, Time: 00:05:06

Health: -3/25      AC:  2    Str:  9    XL:     4   Next: 25%
Magic:  8/8        EV: 13    Int: 15    God:    Sif Muna [......]
Gold:   185        SH:  0    Dex: 15    Spells: 2/8 levels left

rFire    . . .     SeeInvis .   h - +0 spear
rCold    . . .     Gourm    .   (no shield)
rNeg     . . .     Faith    .   a - +0 robe
rPois    .         Spirit   .   (helmet restricted)
rElec    .         Reflect  .   (no cloak)
rCorr    .         Harm     .   (no gloves)
MR       .....                  (boots unavailable)
Stlth    ++........             (no amulet)
HPRegen  0.08/turn              (no ring)
MPRegen  0.11/turn              (no ring)

@: no status effects
A: beak, talons 3
a: Renounce Religion


You were on level 3 of the Dungeon.
You worshipped Sif Muna.
Sif Muna was noncommittal.
You were not hungry.

You visited 1 branch of the dungeon, and saw 3 of its levels.

You collected 185 gold pieces.

Inventory:

Hand Weapons
 g - a +1 short sword
 h - a +0 spear (weapon)
Missiles
 k - 12 bolts
 n - 53 arrows
 p - 31 stones
 t - 24 poisoned darts (quivered)
Armour
 a - a +0 robe (worn)
Jewellery
 q - an uncursed amulet of harm {unknown}
Wands
 l - a wand of digging (4)
Scrolls
 b - a scroll of fear
 d - a scroll of noise
 f - a scroll of fog
 o - 2 scrolls of enchant weapon
 r - a scroll of remove curse
Potions
 e - a potion of flight {unknown}
 i - a potion of agility {unknown}
 j - 2 potions of degeneration {unknown}
Comestibles
 c - 2 rations
 m - 6 chunks of flesh


   Skills:
 + Level 1.5 Fighting
 - Level 3.0 Dodging
 - Level 2.0 Stealth
 + Level 2.5 Spellcasting
 + Level 5.3 Summonings
 + Level 0.4 Invocations


You had 2 spell levels left.
You knew the following spells:

 Your Spells              Type           Power        Failure   Level  Hunger
a - Summon Small Mammal   Summ           ###.         2%          1    #......
b - Call Imp              Summ           ###.....     3%          2    ###....
c - Call Canine Familiar  Summ           ###.....     7%          3    ###....

Your spell library contained the following spells:

 Spells                   Type           Power        Failure   Level  Hunger
 Summon Guardian Golem    Hex/Summ       ##......     21%         3    ###....
 Summon Ice Beast         Ice/Summ       ##......     56%         4    #####..
 Summon Lightning Spire   Summ/Air       ##......     56%         4    #####..


Dungeon Overview and Level Annotations

Branches:
Dungeon (3/15)

Altars:
Ru
Sif Muna


Innate Abilities, Weirdness & Mutations

You have a beak for a mouth.
You have claws for feet.


Message History

t - 24 poisoned darts (gained 1) 2 orcs come into view. 2 orc priests come into view.
An orc priest is wielding a +0 dagger of venom.
The orc priest shouts!
You hear a shout!
The orc priest shouts!
An orc comes into view. It is wielding a +0 falchion.
You hear a shout! 2 orcs and an orc wizard come into view.
An orc is wielding a +1 dagger of draining.
The orc shouts!
You hear a shout!
The orc shouts!
An orc comes into view. It is wielding a +0 mace.
Things that are here:
a +0 club; a +0 leather armour The orc priest calls down the wrath of Beogh upon you.
Beogh smites you!
Ouch! That really hurt!
The orc priest invokes the aid of Beogh against you.
Beogh smites you!
Ouch! That really hurt!
You die...

........#..........#
##
........#..........#
.........#..........#
#.........#...........
#...........####......
............## .
#...........#
#...........#
##.......@.(.#
.............#
.......)!....#
##....o......#
#...o.......#
#..o.o......#
#.o...oo....#
#....o.o....#
#...........#


You could see 2 orc priests, an orc wizard and 6 orcs.

Vanquished Creatures
  An ooze (D:3)
  A leopard gecko (D:2)
  5 orcs (D:3)
  2 giant cockroaches (D:2)
  8 goblins
  5 hobgoblins
  2 quokkas
  3 bats
  A frilled lizard (D:3)
  5 kobolds
  5 rats
38 creatures vanquished.

Vanquished Creatures (collateral kills)
  An adder (D:2)
  A worm (D:2)
  An orc (D:3)
  A giant cockroach (D:1)
  9 goblins
  5 hobgoblins
18 creatures vanquished.

Grand Total: 56 creatures vanquished

Notes
Turn   | Place    | Note
-------+----------+-------------------------------------------
     0 | D:1      | CanOfBees the Tengu Summoner began the quest for the Orb.
     0 | D:1      | Reached XP level 1. HP: 10/10 MP: 4/4
   600 | D:1      | Reached XP level 2. HP: 15/16 MP: 6/6
   729 | D:1      | Reached skill level 5 in Summonings
   950 | D:1      | Learned a level 2 spell: Call Imp
  1788 | D:2      | Reached skill level 1 in Fighting
  2226 | D:2      | Reached XP level 3. HP: 19/20 MP: 4/7
  2489 | D:2      | Found a sacrificial altar of Ru.
  3185 | D:2      | Learned a level 3 spell: Call Canine Familiar
  3269 | D:2      | Found a deep blue altar of Sif Muna.
  3420 | D:2      | Became a worshipper of Sif Muna the Loreminder
  3655 | D:3      | Reached XP level 4. HP: 17/25 MP: 5/8
  4061 | D:3      | Killed from afar by an orc priest

Levels and vault maps discovered:
D:1:      saegor_arrival_simple_b, layout_basic, minmay_ruptured
D:2:      cheibrodos_greedy_goblins, layout_loops_ring, nicolae_ru_awakened_eye,
          led_sif_pool, serial_forest, infiniplex_forest_clump_diagonal,
          infiniplex_forest_corner_1, infiniplex_forest_clump_tiny,
          infiniplex_forest_clump_small, infiniplex_forest_clump_diagonal,
          infiniplex_forest_zigzag_2, infiniplex_forest_straight_1
D:3:      layout_basic, lightli_sewer_entry_pipes

Skill      XL: |  1  2  3 |
---------------+----------+-----
Summonings     | 5 |  5.3
Fighting       | 1 |  1.5
Dodging        | 3 |  3.0
Stealth        | |  2.0
Spellcasting   | |  2.5
Invocations    | |  0.4

Action                   |  1- 3 |  4- 6 || total
-------------------------+-------+-------++-------
Melee: Unarmed           |    37 |       ||    37
       Kick              |    19 |     3 ||    22
       Peck              |    13 |     2 ||    15
       Short sword       |    77 |     3 ||    80
       Spear             |       |     8 ||     8
Throw: Stone             |    15 |       ||    15
       Dart              |       |    16 ||    16
 Cast: Summon Small Mamm |     8 |       ||     8
       Call Imp          |    18 |     4 ||    22
  Use: Scroll            |     8 |       ||     8
 Stab: Distracted        |     2 |       ||     2
       Sleeping          |     3 |       ||     3
  Eat: Chunk             |    10 |     1 ||    11
Armor: Robe              |    20 |       ||    20
Dodge: Dodged            |    84 |     9 ||    93

Table legend:
 A = Non-vault XP
 B = Vault XP
 C = Vault XP percentage of total XP
 D = Non-vault monster count
 E = Vault monster count
 F = Vault count percentage of total count
                 A         B        C        D         E       F
            +---------+---------+-------+---------+---------+-------
      Total |      84 |      19 |  18.4 |      42 |      14 |  25.0
            +---------+---------+-------+---------+---------+-------
        D:1 |      12 |       5 |  29.4 |       9 |       4 |  30.8
        D:2 |      37 |      14 |  27.5 |      19 |      10 |  34.5
        D:3 |      35 |       0 |   0.0 |      14 |       0 |   0.0
            +---------+---------+-------+---------+---------+-------
